 Dungeon Crawl Stone Soup version 0.20-a0-1000-g0e8f6bb (webtiles) character file.

201563 inmateoo the Severer (level 18, -8/159 HPs)
             Began as a Hill Orc Fighter on Apr 12, 2017.
             Was an Initiate of Gozag.
             Mangled by a juggernaut skeleton (19 damage)
             ... led by a necromancer
             ... on level 3 of the Depths.
             The game lasted 00:48:09 (27365 turns).

inmateoo the Severer (Hill Orc Fighter)            Turns: 27365, Time: 00:48:12

Health: -8/159     AC: 26    Str: 35    XL:     18   Next: 99%
Magic:  28/28      EV: 15    Int: 10    God:    Gozag
Gold:   6977       SH: 16    Dex: 14    Spells: 12/31 levels left

rFire    + + +     SeeInvis +   G - +8 war axe "Blob" {drain, rPois Str+5}
rCold    + . .     Gourm    .   m - +1 shield {reflect}
rNeg     + + +     Faith    .   O - +5 scale mail of Zin's Regard {rPois rF+ Str+3 Slay+3}
rPois    +         Spirit   .   J - +2 helmet "Ijeqat" {*Drain rElec rN++ Dex+2}
rElec    +         Reflect  +   W - +1 cloak {+Inv}
rCorr    .         Harm     .   c - +1 pair of gloves
MR       +++++     Clarity  +   V - +0 pair of boots of Pacu {rF+ Dex+3} (curse)
Stlth    +.........             U - amulet of the Four Winds {rN+ MR+++ Clar}
Regen    0.4/turn               R - ring of Suliri {rN+ MR+ Dex-3 Slay+3} (curse)
MPRegen  0.3/turn               I - ring of see invisible

@: gold aura
A: molten scales 1, thin skeletal structure 1, clever 1, cold resistance 1, fire
resistance 1, magic resistance 1, wild magic 1
a: Potion Petition, Call Merchant, Bribe Branch, Renounce Religion, Evoke
Invisibility


You were on level 3 of the Depths.
You worshipped Gozag.
Gozag was greatly pleased with you.
You were full.

You visited 5 branches of the dungeon, and saw 27 of its levels.
You also visited: Ossuary, Ice Cave and Volcano.

You collected 11586 gold pieces.
You spent 4549 gold pieces at shops.
You paid 60 gold pieces to Gozag.

Inventory:

Hand Weapons
 i - a +1 scimitar of flaming
 G - the +8 war axe "Blob" (weapon) {drain, rPois Str+5}
   (You bought it in a shop on level 6 of the Dungeon)

   A truly terrible weapon, it drains the life of those it strikes.
   It affects your strength (+5).
   It protects you from poison.
 Z - a +5 broad axe
Armour
 c - a +1 pair of gloves (worn)
 m - a +1 shield of reflection (worn)
 J - the +2 helmet "Ijeqat" (worn) {*Drain rElec rN++ Dex+2}
   (You found it on level 8 of the Dungeon)

   It affects your dexterity (+2).
   It insulates you from electricity.
   It greatly protects you from negative energy.
   It causes draining when unequipped.
 O - the +5 scale mail of Zin's Regard (worn) {rPois rF+ Str+3 Slay+3}
   (You found it on level 10 of the Dungeon)

   It affects your strength (+3).
   It affects your accuracy and damage with ranged weapons and melee attacks
   (+3).
   It protects you from fire.
   It protects you from poison.
 V - the cursed +0 pair of boots of Pacu (worn) {rF+ Dex+3}
   (You found it on level 2 of the Depths)

   It affects your dexterity (+3).
   It protects you from fire.
   It has a curse placed upon it.
 W - a +1 cloak of invisibility (worn)
Jewellery
 q - the ring "Wudirr" {rElec rF+ Slay+3 Stlth+}
   (You bought it in a shop on level 2 of the Depths)

   [ring of stealth]

   It affects your accuracy and damage with ranged weapons and melee attacks
   (+3).
   It protects you from fire.
   It insulates you from electricity.
   It makes you more stealthy.
 I - a ring of see invisible (right hand)
 P - the ring of Sull {-Tele rC+ AC+3 Dex+6}
   (You found it on level 2 of the Lair of Beasts)

   [ring of protection]

   It affects your AC (+3).
   It affects your dexterity (+6).
   It protects you from cold.
   It prevents most forms of teleportation.
 R - the cursed ring of Suliri (left hand) {rN+ MR+ Dex-3 Slay+3}
   (You bought it in a shop on level 2 of the Orcish Mines)

   [ring of dexterity]

   It affects your dexterity (-3).
   It affects your accuracy and damage with ranged weapons and melee attacks
   (+3).
   It protects you from negative energy.
   It affects your resistance to hostile enchantments.
   It has a curse placed upon it.
 U - the amulet of the Four Winds (around neck) {rN+ MR+++ Clar}
   (You bought it in a shop on level 2 of the Depths)

   [amulet of nothing]

   It protects you from negative energy.
   It affects your resistance to hostile enchantments.
   It protects you against confusion.
Wands
 o - a wand of disintegration (6/24)
 w - a wand of iceblast (14/15)
 C - a wand of digging (12/24)
 D - a wand of lightning (5/15)
 F - a wand of lightning (3/15)
 H - a wand of enslavement (4/24)
 Q - a wand of disintegration (11/24)
 T - a wand of paralysis (14/24)
 X - a wand of clouds (4/9)
Scrolls
 a - a scroll of recharging
 n - 6 scrolls of blinking
 r - 5 scrolls of teleportation
 s - 3 scrolls of amnesia
 u - 3 scrolls of identify
 y - 2 scrolls of magic mapping
 A - 3 scrolls of fog
 E - 16 scrolls of remove curse
 K - 5 scrolls of fear
 M - 7 scrolls of enchant armour
Potions
 b - 3 potions of haste
 d - 3 potions of might
 e - a potion of invisibility
 g - 7 potions of brilliance
 j - 3 potions of resistance
 k - 7 potions of agility
 l - 11 potions of curing
 p - 13 potions of mutation
 t - 4 potions of lignification
 v - a potion of cancellation
 x - 6 potions of heal wounds
 z - 4 potions of flight
 B - 3 potions of ambrosia
 L - a potion of magic
 S - 2 potions of berserk rage
Comestibles
 f - 11 bread rations
 h - 3 meat rations
 N - a royal jelly


   Skills:
 + Level 13.7 Fighting
 * Level 19.5 Axes
 + Level 12.7 Armour
 + Level 8.5 Dodging
 + Level 12.9 Shields
 + Level 7.2 Spellcasting
 + Level 1.0 Charms
 - Level 9.2 Summonings
 * Level 10.2 Translocations
 + Level 8.2 Air Magic


You had 12 spell levels left.
You knew the following spells:

 Your Spells              Type           Power        Failure   Level  Hunger
a - Summon Lightning Spi  Summ/Air       ####....     17%         4    ####...
b - Blink                 Tloc           N/A          1%          2    ##.....
c - Shroud of Golubria    Chrm/Tloc      ###.......   14%         2    ##.....
d - Passage of Golubria   Tloc           N/A          12%         4    ####...
e - Apportation           Tloc           ####..       1%          1    None
f - Deflect Missiles      Chrm/Air       ###.......   100%        6    #######


Dungeon Overview and Level Annotations

Branches:
Dungeon (15/15)            Temple (1/1) D:4            Lair (6/6) D:10
 Shoals (0/4) Lair:2       Spider (0/4) Lair:2        Slime (0/5) Lair:6
    Orc (2/2) D:12            Elf (0/3) Orc:2        Vaults (0/5) D:13
 Depths (3/5) D:15

Altars:
Ashenzari
Cheibriados
Dithmenos
Elyvilon
Fedhas
Gozag
Hepliaklqana
Kikubaaqudgha
Makhleb
Nemelex Xobeh
Okawaru
Qazlal
Sif Muna
Trog
Uskayaw
Wu Jian
Xom
Yredelemnul
Zin
The Shining One
Jiyva

Shops:
D:6 *   D:9 (:[   D:10 }   Orc:2 :=*(   Depths:1 *   Depths:2 ===}}
Depths:3 }[

Portals:
Hell: Depths:1 Depths:2
Pandemonium: Depths:2

Annotations:
D:3 inmateoo's ghost, amateur HOFi
D:14 3 runed doors


Innate Abilities, Weirdness & Mutations

You are partially covered in molten scales. (AC +2)
You have a somewhat thin skeletal structure. (Dex +2, Stealth)
Your mind is acute. (Int +2)
Your flesh is cold resistant. (rC+)
Your flesh is heat resistant. (rF+)
You are resistant to hostile enchantments. (MR+)
Your spells are a little harder to cast, but a little more powerful.


Message History

Unknown command.
Unknown command.
The two-headed ogre is no longer distracted by gold.
The two-headed ogre is distracted by the nearby gold. x2
The ogre mage simulacrum barely misses you.
The sphinx zombie is distracted by the nearby gold.
Unknown command.
Unknown command.
The deep elf high priest skeleton is no longer distracted by gold.
The two-headed ogre is no longer distracted by gold.
Things that are here:
14 gold pieces; a giant club; a dire flail Unknown command.
The sphinx zombie is no longer distracted by gold.
The deep elf high priest skeleton is distracted by the nearby gold.
The juggernaut skeleton hits you!!
* * * LOW HITPOINT WARNING * * *
The juggernaut skeleton hits you!!
You die...
Your body crumbles into a pile of gold.

.# ######.#....#
#.............
###+...####....###
##.......#........## #
#....<..#.......... ## ∩.#
#.................###O#...#.
#...............###$$OZZ∩...
####............@ZZZ.O#..)#.
#............####### ##
#.........#........#
#......##.#........#
#########:##........
#.##........ ####........
##<.....# ......#


You could see 2 two-headed ogres, an ogre, an ogre mage simulacrum, a sphinx
zombie, an iron dragon skeleton, a deep elf high priest skeleton (unaware) and a
juggernaut skeleton.

Vanquished Creatures
  2 ancient liches (Depths:2)
  Nikola (Depths:1)
  The ghost of nht the Wrestler, an adept TrFi of Wu Jian (Depths:2)
  Frances (D:13)
  Gastronok (D:8)
  A sphinx (Depths:2)
  A storm dragon (Depths:1)
  2 fire giants (Depths:1)
  2 draconian shifters (Depths:2)
  2 frost giants (Depths:1)
  A draconian annihilator (Depths:2)
  A curse skull (Depths:2)
  A stone giant (Depths:1)
  7 very ugly things (Depths:1)
  3 deep elf demonologists (Depths:2)
  A deep elf annihilator (Depths:2)
  The ghost of StylePro the Severer, a journeyman MiBe of Trog (Lair:3)
  2 ettins
  Josephine (D:15)
  A merfolk impaler (Depths:1)
  2 fire dragons
  2 great orbs of eyes
  Fannar (D:11)
  A yaktaur captain (Depths:2)
  A vault guard (D:13)
  3 ice dragons
  2 rakshasas
  3 hydras
  2 catoblepae (Lair:5)
  A spriggan air mage (Depths:2)
  5 centaur warriors
  31 two-headed ogres
  5 deep troll earth magi
  7 deep troll shamans
  A queen ant (Lair:2)
  8 ogre magi
  A vampire mage (Depths:1)
  A tengu warrior (Depths:1)
  The ghost of DEFE the Nimble, a journeyman DEAK of Lugonu (D:10)
  8 soul eaters (Depths:2)
  An iron troll (Depths:3)
  4 unseen horrors
  4 wizards
  An orange crystal statue (D:14)
  14 deep trolls
  2 necromancers
  3 deep elf magi
  2 wolf spider zombies (D:15)
  5 orc sorcerers
  18 ugly things
  An oklob plant (Lair:2)
  An orb spider (shapeshifter) (Depths:1)
  2 manticores
  4 cyclopes
  9 black mambas
  4 elephants (Lair:4)
  Maurice (D:11)
  A naga mage (Depths:1)
  4 molten gargoyles (D:12)
  Joseph (D:9)
  2 gargoyles
  2 ice statues (IceCv)
  A spriggan skeleton (Depths:3)
  22 spiny frogs
  5 rime drakes
  2 kobold demonologists
  3 yaktaurs
  5 komodo dragons
  A yaktaur (shapeshifter) (Depths:2)
  4 efreet
  A freezing wraith (D:15)
  2 tengu conjurers (Depths:1)
  A silent spectre (Depths:2)
  2 polar bears (D:13)
  3 meliai (D:14)
  14 trolls
  3 tyrant leeches (Lair:6)
  11 hippogriffs
  A slime creature (Depths:2)
  24 blink frogs
  A harpy skeleton (D:15)
  3 centaur simulacra
  5 wraiths (D:15)
  A spriggan (Lair:6)
  51 yaks
  A shadow (D:15)
  8 wyverns
  3 water elementals (Depths:2)
  2 vampires
  4 basilisks
  2 fire elementals (Volcano)
  Grum (D:8)
  14 vampire mosquitoes
  A naga (Depths:1)
  3 wargs
  An acid dragon (D:10)
  12 water moccasins
  9 soldier ants (Lair:2)
  7 sky beasts
  10 porcupines
  3 phantoms
  16 orc warriors
  18 ice beasts
  2 necrophages
  Purgy (D:4)
  An eye of draining (D:9)
  35 ogres
  10 boggarts
  30 wolves
  5 centaurs
  15 crocodiles
  35 bullfrogs
  2 big kobolds
  A wyvern zombie (D:13)
  2 elf skeletons (D:6)
  4 scorpions
  4 wyvern skeletons
  4 killer bees (D:7)
  7 wights
  3 centaur zombies
  5 electric eels
  5 howler monkeys
  4 bullfrog zombies
  8 crimson imps
  A hound (shapeshifter) (D:14)
  2 human zombies
  3 hounds
  Crazy Yiuf (D:3)
  14 orc priests
  7 centaur skeletons
  25 orc wizards
  3 bullfrog skeletons
  4 iguanas
  A human skeleton (D:6)
  5 hell rats (Lair:1)
  30 worker ants
  A hound skeleton (D:11)
  2 mummies (Ossuary)
  Robin (D:4)
  2 worker ant zombies
  A howler monkey skeleton (D:7)
  13 adders
  8 shadow imps
  An adder skeleton (D:4)
  2 worms (D:2)
  A dart slug (D:1)
  4 leopard geckos
  91 orcs
  3 giant cockroaches
  A gnoll zombie (Ossuary)
  15 goblins
  7 hobgoblins
  13 jackals
  3 quokkas
  A ball python (D:7)
  2 bats (D:2)
  4 frilled lizards
  A goblin skeleton (D:5)
  A goblin zombie (D:5)
  5 hobgoblin zombies
  A jackal skeleton (D:5)
  14 kobolds
  A kobold skeleton (D:5)
  3 kobold zombies (Ossuary)
  3 orc skeletons
  2 orc zombies
  2 quokka skeletons
  A quokka zombie (D:9)
  8 rats
  2 bushes
  A fire vortex (D:12)
  2 fungi
  8 plants
996 creatures vanquished.

Vanquished Creatures (others)
  Nessos (D:12)
  3 vault guards (D:13)
  A deep elf mage (D:13)
  A hornet (D:13)
  A human (Depths:2)
  An orc warrior (D:13)
  A centaur (D:13)
  A jelly (D:15)
  A hell rat (Lair:1)
  An orc (D:13)
  6 fungi
  38 plants
56 creatures vanquished.

Grand Total: 1052 creatures vanquished

Notes
Turn   | Place    | Note
-------+----------+-------------------------------------------
     0 | D:1      | inmateoo the Hill Orc Fighter began the quest for the Orb.
     0 | D:1      | Reached XP level 1. HP: 19/19 MP: 1/1
   292 | D:1      | Reached skill level 3 in Axes
   292 | D:1      | Reached XP level 2. HP: 23/26 MP: 2/2
   558 | D:2      | Found a sparkling altar of Nemelex Xobeh.
   598 | D:2      | Reached XP level 3. HP: 14/33 MP: 3/3
   908 | D:2      | Reached skill level 4 in Axes
  1366 | D:2      | Found a basalt altar of Yredelemnul.
  1367 | D:2      | Found a shattered altar of Ashenzari.
  1495 | D:3      | Noticed inmateoo's ghost (amateur HOFi)
  1529 | D:3      | Reached XP level 4. HP: 40/40 MP: 4/4
  1702 | D:3      | Found a blossoming altar of Fedhas.
  2115 | D:3      | Found a shimmering altar of Xom.
  2138 | D:3      | Reached skill level 5 in Axes
  2138 | D:3      | Reached XP level 5. HP: 46/46 MP: 5/5
  2308 | D:4      | Noticed a sky beast
  2342 | D:4      | Killed a sky beast
  2342 | D:4      | Reached XP level 6. HP: 26/53 MP: 2/6
  2349 | D:4      | Gained mutation: You are resistant to hostile enchantments. (MR+) [mutagenic meat]
  2350 | D:4      | Gained mutation: You are partially covered in molten scales. (AC +2) [mutagenic meat]
  2351 | D:4      | Gained mutation: Your spells are a little harder to cast, but a little more powerful. [mutagenic meat]
  2352 | D:4      | Gained mutation: Your flesh is cold resistant. (rC+) [mutagenic meat]
  2353 | D:4      | Gained mutation: Your mind is acute. (Int +2) [mutagenic meat]
  2581 | D:4      | Noticed Purgy
  2594 | D:5      | Entered Level 5 of the Dungeon
  2598 | D:5      | Noticed a sky beast
  2600 | D:5      | Reached skill level 6 in Axes
  2611 | D:5      | Killed a sky beast
  2611 | D:5      | Reached skill level 5 in Fighting
  2611 | D:5      | Reached XP level 7. HP: 54/61 MP: 7/7
  2631 | D:4      | Killed Purgy
  2631 | D:4      | Reached skill level 5 in Shields
  2636 | D:4      | Gained mutation: You have sharp toenails. [mutagenic meat]
  2637 | D:4      | Gained mutation: You have a somewhat thin skeletal structure. (Dex +2, Stealth) [mutagenic meat]
  2638 | D:4      | Gained mutation: Your flesh is heat resistant. (rF+) [mutagenic meat]
  2639 | D:4      | Lost mutation: You have sharp toenails. [mutagenic meat]
  2687 | D:5      | Reached skill level 5 in Armour
  2733 | D:5      | Reached skill level 7 in Axes
  2990 | D:5      | Found a glowing golden altar of the Shining One.
  3072 | D:5      | Reached XP level 8. HP: 69/69 MP: 8/8
  3170 | D:5      | Reached skill level 8 in Axes
  3492 | D:4      | Noticed Robin
  3498 | D:4      | Found a shadowy altar of Dithmenos.
  3505 | D:4      | Killed Robin
  3541 | D:4      | Found a snail-covered altar of Cheibriados.
  3731 | D:4      | Found a staircase to the Ecumenical Temple.
  3742 | Temple   | Entered the Ecumenical Temple
  3924 | Temple   | Became a worshipper of Gozag Ym Sagoz the Greedy
  4424 | D:6      | Found a sand-covered staircase.
  4430 | Ossuary  | Entered an ossuary
  4633 | D:6      | Reached skill level 9 in Axes
  4867 | D:6      | Reached XP level 9. HP: 58/78 MP: 9/9
  5046 | D:6      | Found Duogik's Assorted Antiques.
  5054 | D:6      | Bought a twisted war axe for 178 gold pieces
  5055 | D:6      | Identified the +8 war axe "Blob" {drain, rPois Str+5} (You bought it in a shop on level 6 of the Dungeon)
  5057 | D:6      | Bought a scroll of identify for 42 gold pieces
  5057 | D:6      | Bought a scroll of identify for 42 gold pieces
  5057 | D:6      | Bought a scroll labeled DEP AZIP ULENE for 21 gold pieces
  5057 | D:6      | Bought a scroll labeled HUCOIX UGORUIH for 21 gold pieces
  5057 | D:6      | Bought a grey potion for 18 gold pieces
  5108 | D:6      | Reached skill level 10 in Axes
  5510 | D:7      | Reached skill level 1 in Dodging
  5594 | D:7      | Reached skill level 11 in Axes
  6240 | D:8      | Noticed Gastronok
  6301 | D:8      | Reached XP level 10. HP: 88/88 MP: 10/10
  6382 | D:8      | Got a twisted helmet
  6394 | D:8      | Identified the +2 helmet "Ijeqat" {*Drain rElec rN++ Dex+2} (You found it on level 8 of the Dungeon)
  6462 | D:9      | Found Calaluic's Antique Weapon Boutique.
  6494 | D:9      | Reached skill level 12 in Axes
  6519 | D:9      | Found Demuing's Antique Armour Emporium.
  6522 | D:9      | Bought a shiny shield for 172 gold pieces
  6582 | D:9      | Noticed Joseph
  6584 | D:9      | Found Hipailoa's Magic Scroll Boutique.
  6589 | D:9      | Killed Joseph
  6621 | D:9      | Got an ancient chain mail
  6633 | D:9      | Identified the +4 chain mail "Usoity" {rPois rF+ Int+5} (You found it on level 9 of the Dungeon)
  6760 | D:9      | Found Idghui's Book Boutique.
  7062 | D:8      | Killed Gastronok
  7062 | D:8      | Reached skill level 13 in Axes
  7062 | D:8      | Reached XP level 11. HP: 97/97 MP: 11/11
  7122 | D:8      | Noticed Grum
  7130 | D:8      | Killed Grum
  7352 | D:8      | Learned a level 4 spell: Summon Lightning Spire
  7690 | D:3      | Found a runed door.
  7867 | D:3      | Noticed Crazy Yiuf
  7870 | D:3      | Killed Crazy Yiuf
  8018 | D:10     | Entered Level 10 of the Dungeon
  8046 | D:10     | Got a jewelled scale mail
  8083 | D:10     | Found an iron altar of Okawaru.
  8146 | D:10     | Found Ageluda Vahi's Gadget Shop.
  8177 | D:10     | Noticed DEFE's ghost (journeyman DEAK)
  8199 | D:10     | Killed DEFE's ghost
  8365 | D:10     | Reached skill level 1 in Air Magic
  8383 | D:10     | Reached skill level 1 in Summonings
  8394 | D:10     | Reached skill level 1 in Spellcasting
  8410 | D:10     | Found a staircase to the Lair.
  8546 | D:11     | Noticed a two-headed ogre
  8558 | D:11     | Killed a two-headed ogre
  8959 | D:11     | Noticed Maurice
  8966 | D:11     | Killed Maurice
  8966 | D:11     | Reached skill level 14 in Axes
  9084 | D:11     | Noticed Fannar
  9093 | D:11     | Killed Fannar
  9093 | D:11     | Reached XP level 12. HP: 99/106 MP: 13/15
  9243 | D:12     | Noticed Nessos
  9256 | D:12     | Killed Nessos
  9256 | D:12     | Reached skill level 10 in Fighting
  9336 | D:12     | Learned a level 2 spell: Blink
  9339 | D:12     | Learned a level 2 spell: Shroud of Golubria
  9344 | D:12     | Learned a level 4 spell: Passage of Golubria
  9388 | D:12     | Got a jewelled scale mail
  9692 | D:12     | Found a staircase to the Orcish Mines.
 10021 | D:12     | You fall through a shaft!
 10063 | D:13     | Reached skill level 1 in Translocations
 10109 | D:13     | Found a frozen archway.
 10152 | IceCv    | Entered an ice cave
 10565 | IceCv    | Noticed an ice dragon
 10576 | IceCv    | Noticed an ice dragon
 10578 | IceCv    | Killed an ice dragon
 10578 | IceCv    | Reached skill level 5 in Dodging
 10582 | IceCv    | Killed an ice dragon
 10873 | D:13     | Noticed Frances
 10877 | D:13     | Noticed a sun demon
 10878 | D:13     | Noticed a soul eater
 10885 | D:13     | Killed Frances
 10885 | D:13     | Reached skill level 15 in Axes
 10885 | D:13     | Reached XP level 13. HP: 44/115 MP: 5/17
 11142 | D:13     | Found a gate to the Vaults.
 11142 | D:13     | Noticed a vault guard
 11142 | D:13     | Noticed a vault guard
 11142 | D:13     | Noticed a vault guard
 11142 | D:13     | Noticed a vault guard
 11152 | D:13     | Killed a vault guard
 11154 | D:13     | Killed a vault guard
 11163 | D:13     | Killed a vault guard
 11163 | D:13     | Reached skill level 10 in Armour
 11163 | D:13     | Reached skill level 10 in Shields
 11166 | D:13     | Killed a vault guard
 12306 | D:14     | Found a runed door.
 12337 | D:14     | Found a runed door.
 12351 | D:14     | Found a runed door.
 12362 | D:14     | Found a runed door.
 12422 | D:14     | Reached skill level 16 in Axes
 12422 | D:14     | Reached skill level 5 in Summonings
 12422 | D:14     | Reached skill level 5 in Translocations
 12422 | D:14     | Reached XP level 14. HP: 112/124 MP: 18/20
 12966 | D:15     | Entered Level 15 of the Dungeon
 13054 | D:15     | Noticed Josephine
 13071 | D:15     | Killed Josephine
 13071 | D:15     | Reached skill level 5 in Air Magic
 13131 | D:15     | Reached XP level 15. HP: 122/130 MP: 18/21
 13215 | D:15     | Found a sparkling altar of Nemelex Xobeh.
 13426 | D:15     | Found a staircase to the Depths.
 13605 | D:15     | Found an ancient bone altar of Kikubaaqudgha.
 13851 | Orc:1    | Entered Level 1 of the Orcish Mines
 13918 | D:9      | Bought a scroll of recharging for 123 gold pieces
 13918 | D:9      | Bought a scroll of magic mapping for 45 gold pieces
 13918 | D:9      | Bought a scroll of remove curse for 39 gold pieces
 13918 | D:9      | Bought a scroll of fog for 26 gold pieces
 13918 | D:9      | Bought a scroll of enchant weapon for 97 gold pieces
 13918 | D:9      | Bought a scroll of fog for 26 gold pieces
 13918 | D:9      | Bought a scroll of fear for 45 gold pieces
 13918 | D:9      | Bought a scroll of identify for 26 gold pieces
 13918 | D:9      | Bought a scroll of identify for 26 gold pieces
 14041 | Orc:2    | Entered Level 2 of the Orcish Mines
 14099 | Orc:2    | Found a staircase to the Elven Halls.
 14113 | Orc:2    | Found a dark tunnel.
 14123 | Volcano  | Entered a volcano
 14471 | Orc:2    | Found Ziahyur's Book Shop.
 14472 | Orc:2    | Found Paxe's Jewellery Shop.
 14501 | Orc:2    | Found Upairch's General Store.
 14506 | Orc:2    | Reached skill level 17 in Axes
 14526 | Orc:2    | Found Idataigh's Antique Weapon Boutique.
 14540 | Orc:2    | Bought a scroll of blinking for 105 gold pieces
 14540 | Orc:2    | Bought a scroll of enchant armour for 105 gold pieces
 14598 | Orc:2    | Bought the cursed ring of Suliri {rN+ MR+ Dex-3 Slay+3} for 284 gold pieces
 15040 | Orc:2    | Bought a book of Cantrips for 280 gold pieces
 15040 | Orc:2    | Bought a book of Enchantments for 700 gold pieces
 15043 | Orc:2    | Learned a level 1 spell: Apportation
 15050 | Orc:2    | Learned a level 6 spell: Deflect Missiles
 15289 | Orc:1    | Reached skill level 5 in Spellcasting
 15730 | Lair:1   | Entered Level 1 of the Lair of Beasts
 15933 | Lair:1   | Identified the +4 scale mail of Saeppozo {Dex+4} (You found it on level 12 of the Dungeon)
 16461 | Lair:2   | Found a staircase to the Shoals.
 16766 | Lair:2   | Got a scintillating copper ring
 16788 | Lair:2   | Found a hole to the Spider Nest.
 16966 | Lair:2   | Reached XP level 16. HP: 84/139 MP: 15/23
 17658 | Lair:3   | Noticed StylePro's ghost (journeyman MiBe)
 17678 | Lair:3   | Killed StylePro's ghost
 17687 | Lair:3   | Identified the ring of Sull {-Tele rC+ AC+3 Dex+6} (You found it on level 2 of the Lair of Beasts)
 17688 | Lair:3   | Identified the +5 scale mail of Zin's Regard {rPois rF+ Str+3 Slay+3} (You found it on level 10 of the Dungeon)
 19854 | Lair:5   | Identified a scroll of acquirement
 19868 | Lair:5   | Identified the +1 chain mail "Goinio" {rCorr MP-9 Str+2} (You acquired it on level 5 of the Lair of Beasts)
 20288 | Lair:6   | Entered Level 6 of the Lair of Beasts
 20657 | Lair:6   | Found a viscous altar of Jiyva.
 20657 | Lair:6   | Found a staircase to the Slime Pits.
 20819 | Lair:6   | Reached skill level 18 in Axes
 21451 | Depths:1 | Entered Level 1 of the Depths
 21548 | Depths:1 | Found a gateway to Hell.
 21579 | Depths:1 | Reached XP level 17. HP: 133/148 MP: 21/25
 22102 | Depths:2 | Found Ticeq's Jewellery Shop.
 22110 | Depths:2 | Noticed Mara
 22143 | Depths:2 | Noticed inmateoo's illusion
 22780 | Depths:2 | Noticed inmateoo's illusion
 23425 | Depths:1 | Found Gufad's Serpentskin Sales.
 24175 | Depths:1 | Noticed Nikola
 24194 | Depths:1 | Killed Nikola
 24365 | Depths:2 | Noticed a sphinx
 24375 | Depths:2 | Killed a sphinx
 24472 | Depths:2 | Found a one-way gate leading to the halls of Pandemonium.
 24546 | Depths:2 | Bought the amulet of the Four Winds {rN+ MR+++ Clar} for 614 gold pieces
 24650 | Depths:2 | Noticed inmateoo's illusion
 24671 | Depths:1 | HP: 5/149 [poisoned by Mara]
 25041 | Depths:2 | Reached XP level 18. HP: 152/157 MP: 28/28
 25084 | Depths:1 | Noticed inmateoo's illusion
 25519 | Depths:2 | Found Fekojato's Gadget Shoppe.
 25588 | Depths:2 | Found Idub's Gadget Shop.
 25588 | Depths:2 | Found Oluaduh's Jewellery Shoppe.
 25589 | Depths:2 | Found Mocaest's Jewellery Shoppe.
 25595 | Depths:2 | Bought the ring "Wudirr" {rElec rF+ Slay+3 Stlth+} for 970 gold pieces
 25694 | Depths:2 | Got a pair of steaming boots
 25705 | Depths:2 | Identified the cursed +0 pair of boots of Pacu {rF+ Dex+3} (You found it on level 2 of the Depths)
 25730 | Depths:2 | Reached skill level 19 in Axes
 25756 | Depths:2 | Found a runed door.
 26264 | Depths:2 | Bought a wand of digging (13/24) for 544 gold pieces
 26411 | Depths:2 | Noticed nht's ghost (adept TrFi)
 26424 | Depths:2 | Noticed an ancient lich
 26427 | Depths:2 | Noticed an ancient lich
 26442 | Depths:2 | Killed an ancient lich
 26446 | Depths:2 | Killed nht's ghost
 26452 | Depths:2 | Killed an ancient lich
 26729 | Depths:2 | Reached skill level 10 in Translocations
 27341 | Depths:3 | Found Nafeisyl's Antique Armour Shoppe.
 27349 | Depths:3 | Found Oxtil's Gadget Emporium.
 27360 | Depths:3 | Reached skill level 1 in Charms
 27365 | Depths:3 | Mangled by a juggernaut skeleton

Vault maps used:
D:1:      doesnt_arrival_eight_statues, nrook_loot_triangle
D:2:      nicolae_overflow_hidden_temple, lemuel_coloured_pillars_altar
D:3:      led_xom_imps, lemuel_crystal_altar, first_bread,
          uniq_crazy_yiuf_cottage
D:4:      grunt_dithmenos_shadows, cheibriados_altar_1,
          lemuel_temple_firewalk_b, uniq_robin, uniq_purgy
D:5:      nicolae_tso_besieged_by_evil, hangedman_decor_growths
D:6:      nicolae_ossuary_entry_catacombs, serial_shops, nicolae_shop_waterfront
D:8:      uniq_grum, uniq_gastronok
D:9:      serial_shops, shop_scrolls, nicolae_shop_behind_doors, shop, shop,
          uniq_joseph
D:10:     erik_lair_dragon, basic_altar, serial_shops, nicolae_shop_crystal
D:11:     uniq_fannar, uniq_maurice
D:12:     hiddenorc2_lemuel, minivault_8, uniq_nessos
D:13:     lightli_vaults_fourway_checkpoint,
          portal_ice_cave_entry_animals_and_master, blue_anna_alchemist,
          uniq_frances
D:14:     minmay_misc_feat_tower, minmay_statue_crystal_thing
D:15:     grunt_enter_depths_magical_seal, old_standard_altar,
          solitary_fountain, st_stairs_10, nemelex_xobeh_ov_fountains_minmay,
          uniq_josephine
Temple:   dpeg_chambers_temple
Lair:1:   grunt_megastairs_5, infiniplex_staircase_pool
Lair:2:   minmay_shoals_entry_beasts, dummy_spider_entry, st_stairs_12,
          minmay_lair_oklob_items, zaba_antful_of_joy
Lair:3:   serial_bayou_crossing, lemuel_fruit_tree, grunt_megastairs_4
Lair:4:   serial_bayou_shore_a, grunt_megastairs_3
Lair:5:   beast_lair_carwin_4
Lair:6:   minmay_lair_end_frog_pond, slime_altar_1, minmay_stone_trees_small,
          grunt_forest_large_clearing_hut
Orc:2:    st_orc_open, nicolae_volcano_entry_two_sided
Depths:1: hangedman_decor_clover_reticule, hangedman_tar_grid_catacomb,
          guppyfry_shop_venom, kennysheep_random_hallway, serial_bayou_shore_b,
          serial_bayou_shore_b, uniq_nikola
Depths:2: evilmike_wizard_prison, rand_demon_pan_entry_9, serial_shops, shop,
          kennysheep_little_box, pf_coc_iceberg, serial_bayou_shore_b,
          minmay_shop_grove, minmay_staircase_bubble, uniq_mara
Depths:3: minmay_crystal_thing, hangedman_decor_opposing,
          pf_vacation_house_of_asmodeus, pan_entry, minmay_crystal_box,
          infiniplex_staircase_pool_lava, minmay_shop_star
Ossuary:  ossuary_crypta
IceCv:    ice_cave_small_dragons
Volcano:  volcano_overflow

Skill      XL: |  1  2  3  4  5  6  7  8  9 10 11 12 13 14 15 16 17 18 |
---------------+-------------------------------------------------------+-----
Axes           | 3 4 5 6 7 9 11 13 14 15 16 17 18 19 | 19.5
Fighting       | 4 5 6 8 9 10 11 12 13 | 13.7
Shields        | 4 5 6 7 8 9 10 11 12 | 12.9
Armour         | 4 5 6 7 8 9 10 11 12 | 12.7
Dodging        | 1 3 4 5 6 7 8 |  8.5
Air Magic      | 2 3 4 5 6 7 8 |  8.2
Summonings     | 2 3 5 7 8 9 |  9.2
Spellcasting   | 2 3 4 5 6 7 |  7.2
Translocations | 2 5 6 7 9 10 | 10.2
Charms         | 1 |  1.0

Action                   |  1- 3 |  4- 6 |  7- 9 | 10-12 | 13-15 | 16-18 || total
-------------------------+-------+-------+-------+-------+-------+-------++-------
Melee: War axe           |   112 |    97 |   244 |   503 |   629 |  1071 ||  2656
       Dagger            |       |     4 |     7 |       |       |       ||    11
       Hand axe          |       |       |   128 |       |       |       ||   128
       Scimitar          |       |       |       |       |    11 |    10 ||    21
 Cast: Summon Lightning  |       |       |       |       |       |     1 ||     1
Invok: Potion Petition   |       |       |       |       |       |     1 ||     1
Evoke: Wand              |       |       |       |       |       |     1 ||     1
  Use: Scroll            |       |     3 |    15 |     9 |    12 |     9 ||    48
       Potion            |       |     1 |       |       |     6 |     6 ||    13
 Stab: Distracted        |       |       |     1 |     4 |     7 |    18 ||    30
       Invisible         |       |       |       |       |    20 |       ||    20
       Sleeping          |       |       |       |       |       |     1 ||     1
  Eat: Chunk             |     2 |     9 |     7 |       |       |       ||    18
       Fruit             |       |       |     3 |       |    23 |    19 ||    45
       Meat ration       |       |       |     1 |     1 |       |     3 ||     5
       Royal jelly       |       |       |     1 |     4 |     4 |     1 ||    10
Armor: Scale mail        |    55 |    20 |       |       |       |   296 ||   371
       Chain mail        |       |    57 |   126 |    95 |   172 |    28 ||   478
       Plate armour      |       |       |    18 |     8 |       |       ||    26
Dodge: Dodged            |    17 |    31 |    62 |    94 |   152 |   318 ||   674
Block: Shield            |    55 |    60 |   181 |   243 |   344 |   533 ||  1416
       Reflection        |       |       |       |    14 |    16 |    13 ||    43
       Large shield      |       |       |       |       |       |     2 ||     2
